 Dungeon Crawl Stone Soup version 0.31-a0-889-g1a8549509d (webtiles) character file.

Game seed: 11302836521476297405

88 protoss039 the Digger (level 4, 33/33 HPs)
             Began as a Demonspawn Earth Elementalist on Oct 16, 2023.
             Got out of the dungeon alive.
             The game lasted 00:01:42 (2120 turns).

protoss039 the Digger (DsEE)                        Turns: 2120, Time: 00:01:43

Health: 33/33      AC:  2    Str:  8    XL:     4   Next: 30%
Magic:  8/8        EV: 12    Int: 18    God:
Gold:   60         SH:  0    Dex: 14    Spells: 5/8 levels left

rFire   . . .        j - staff of earth
rCold   . . .        (no shield)
rNeg    . . .        a - +0 robe
rPois   .            (no helmet)
rElec   .            (no cloak)
rCorr   .            (no gloves)
SInv    .            (no boots)
Will    .....        (no amulet)
Stlth   ++           (no ring)
HPRegen 0.25/turn    (no ring)
MPRegen 0.11/turn

%: no passive effects
@: no status effects
A: ignite blood 2, demonic magic 1
a: no special abilities


You escaped.
You visited 1 branch of the dungeon, and saw 2 of its levels.

You collected 60 gold pieces.

Inventory:

Armour
 a - a +0 robe (worn)
Magical Staves
 j - a staff of earth (weapon)
Scrolls
 d - 2 scrolls of fog {unknown}
 f - 4 scrolls of identify {unknown}
Potions
 b - 3 potions of magic
 c - a potion of lignification {unknown}
 g - 3 potions of heal wounds {unknown}
 h - a potion of attraction {unknown}
 i - a potion of haste {unknown}


   Skills:
 + Level 2.2 Fighting
 - Level 1.7 Dodging
 - Level 1.7 Stealth
 + Level 2.9 Spellcasting
 - Level 0.8 Transmutations
 + Level 3.4 Earth Magic


You had 5 spell levels left.
You knew the following spells:

 Your Spells              Type           Power      Damage    Failure   Level
a - Sandblast             Erth           44%        2d11      4%          1
b - Passwall              Tmut/Erth      12%        N/A       11%         2

Your spell library contained the following spells:

 Spells                   Type           Power      Damage    Failure   Level
 Stone Arrow              Conj/Erth      26%        3d8       24%         3
 Petrify                  Tmut/Erth      15%        N/A       56%         4
 Brom's Barrelling Bould  Conj/Erth      13%        2d4       63%         4


Dungeon Overview and Level Annotations

Branches:
Dungeon (2/15) Zot: 9844

Altars:


Innate Abilities, Weirdness & Mutations

Your demonic aura often causes spilled blood to erupt in flames.
Spells you cast may paralyse adjacent enemies.


Message History

Confirm with . or Enter, or press ? or * to list all spells.
You don't know that spell.
Unknown command.
Unknown command.
Casting: Sandblast (safe; 4% risk of failure)
Confirm with . or Enter, or press ? or * to list all spells.
Aiming: Sandblast (safe; 4% risk of failure)
Press: ? - help, Shift-Dir - straight line, f/p - worm
Aim: a worm (severely wounded, 94% to hit)
You feel a surge of power!
The blast of sand hits the worm!
You kill the worm!
Malevolent energies surge around you.
Unknown command.
You see here a worm corpse.
Found a dagger.
You see here a +0 club.
g - 3 fizzy silvery potions (gained 1)
You see here a +0 club.
There is a stone staircase leading down here.
Done exploring.
Done exploring.
Done exploring.
No target in view!
Done exploring.
Done exploring.
Search for what [Enter for "."]? .
Done exploring.
What level of the Dungeon? (default 1, ? - help)
You open the door.
There is an open door here.
There is a stone staircase leading up here.
You climb upwards.
There is a stone staircase leading down here.
There is an open door here.
There is an open door here.
You open the door.
There is an open door here.
There is an open door here.
There is a staircase leading out of the dungeon here.
You have escaped!

#.......#.# #...# #...##...
#####.###.###...# #...##...
###'###.......# #########
#.....####....# #.. #.....#
#.....### #.. #####.....#
#'#.....# #..
#.†.......###.#####.# #..
#.....#+###P~.♣####.#### #..
#......+###P~@.'..#....# #..
#........##P~.♣##)####.#####..
#........####.##....##........
#........# #+##.##.##........
#........# #..#.##.###.......
#........# ##.......##.......
#........# ######..###......
######..^####### #.....#.###.#
#...'.....# #...#.#.# #..


There were no monsters in sight!

Vanquished Creatures
  3 adders (D:2)
  A worm (D:2)
  4 ball pythons
  4 bats (D:1)
  4 endoplasms
  3 giant cockroaches (D:1)
  7 goblins
  2 hobgoblins
  10 jackals
  2 kobolds (D:1)
  3 quokkas
  5 frilled lizards
  3 rats
51 creatures vanquished.

Notes
Turn   | Place    | Note
-------+----------+-------------------------------------------
     0 | D:1      | protoss039 the Demonspawn Earth Elementalist began the
                  | quest for the Orb.
     0 | D:1      | Reached XP level 1. HP: 13/13 MP: 3/3
   188 | D:1      | Gained mutation: Your demonic aura sometimes causes spilled
                  | blood to erupt in flames. [demonic ancestry]
   188 | D:1      | Reached XP level 2. HP: 12/20 MP: 3/5
   537 | D:1      | Reached skill level 1 in Fighting
   577 | D:1      | Reached skill level 3 in Earth Magic
   950 | D:1      | Gained mutation: Your demonic aura often causes spilled
                  | blood to erupt in flames. [demonic ancestry]
   950 | D:1      | Reached XP level 3. HP: 26/26 MP: 4/6
  1116 | D:1      | Learned a level 2 spell: Passwall
  1501 | D:2      | Gained mutation: Spells you cast may paralyse adjacent
                  | enemies. [demonic ancestry]
  1501 | D:2      | Reached XP level 4. HP: 32/33 MP: 3/8
  2120 | D:$      | Got out of the dungeon alive.

Illustrated notes

Levels and vault maps discovered:
D:1:      tarquinn_simple_flora_water_e, layout_basic
D:2:      layout_basic

Skill      XL: |  1  2  3 |
---------------+----------+-----
Fighting       | 1 2 |  2.2
Earth Magic    | 3 |  3.4
Dodging        | |  1.7
Stealth        | |  1.7
Spellcasting   | |  2.9
Transmutations | |  0.8

Action                     |  1- 3 |  4- 6 || total
---------------------------+-------+-------++-------
  Melee: Club              |    25 |       ||    25
         Unarmed           |     5 |       ||     5
         Punch             |     2 |       ||     2
   Cast: Sandblast         |    48 |    10 ||    58
   Stab: Sleeping          |     1 |       ||     1
 Armour: Robe              |    31 |       ||    31
  Dodge: Dodged            |    52 |       ||    52

Table legend: (Time is in decaauts)
 A = Elapsed time spent in this place.
 B = Non-inter-level travel time spent in this place.
 C = Inter-level travel time spent in this place.
 D = Time resting spent in this place.
 E = Time spent auto-exploring this place.
 F = Levels seen in this place.
 G = Mean time per level.
                   A        B        C        D        E       F      G
               +--------+--------+--------+--------+--------+-----+--------+
         Total |   2155 |   2079 |     76 |      0 |   1806 |   2 | 1077.5 |
       Dungeon |   2155 |   2079 |     76 |      0 |   1806 |   2 | 1077.5 |
               +--------+--------+--------+--------+--------+-----+--------+

Top non-repeatable levels by time:
     D:1: 1178 daAuts
     D:2: 977 daAuts
